 Dungeon Crawl Stone Soup version 0.28-a0-730-g892d06dc2c (webtiles) character file.

Game seed: 9025137619989897798

62 ytrimaz the Poker (level 3, -1/29 HPs)
             Began as a Demonspawn Monk on Oct 28, 2021.
             Slain by a scorpion (8 damage)
             ... on level 3 of the Dungeon.
             The game lasted 00:02:05 (1640 turns).

ytrimaz the Poker (Demonspawn Monk)                 Turns: 1640, Time: 00:02:06

Health: -1/29      AC:  3    Str: 12    XL:     3   Next: 85%
Magic:  3/3        EV: 12    Int: 11    God:
Gold:   44         SH:  0    Dex: 15    Spells: 2/2 levels left

rFire   . . .      SeeInvis .   a - +0 spear
rCold   . . .      Faith    .   (no shield)
rNeg    + . .      Spirit   .   b - +1 robe
rPois   .          Reflect  .   (helmet restricted)
rElec   .          Harm     .   (no cloak)
rCorr   .          Rampage  .   (no gloves)
Will    .....                   (no boots)
Stlth   ++........              (no amulet)
HPRegen 0.09/turn               d - ring of positive energy
MPRegen 0.08/turn               (no ring)

@: brilliant
A: hooves 2, horns 1, evolution 1
a: no special abilities


You were on level 3 of the Dungeon.
You visited 1 branch of the dungeon, and saw 3 of its levels.

You collected 44 gold pieces.

Inventory:

Hand Weapons
 a - a +0 spear (weapon)
Armour
 b - a +1 robe (worn)
 i - a +0 kite shield
Jewellery
 d - a ring of positive energy (left hand)
Scrolls
 e - 2 scrolls of identify
 f - a scroll of fear
 j - a scroll of magic mapping {unknown}


   Skills:
 + Level 3.5 Fighting
 + Level 3.6 Polearms
 * Level 1.2 Armour
 - Level 2.6 Dodging
 - Level 1.7 Stealth


You had 2 spell levels left.
You didn't know any spells.
Your spell library was empty.

Dungeon Overview and Level Annotations

Branches:
Dungeon (3/15)

Altars:
Yredelemnul

Shops:
D:1 *


Innate Abilities, Weirdness & Mutations

You have hoof-like feet.
You have a pair of small horns on your head.
You have hidden genetic potential.


Message History

You feel a hidden potential growing inside you.
You feel very sick. The scorpion closely misses you.
It was a potion of brilliance.
You feel clever all of a sudden.
You feel sick. The scorpion stings you.
* * * LOW HITPOINT WARNING * * *
It was a potion of heal wounds.
You feel much better.
You feel sick. The scorpion stings you!
Unknown command.
You feel sick.
You feel sick. The scorpion barely misses you.
You closely miss the scorpion.
The scorpion is lightly wounded.
You feel sick. The scorpion barely misses you.
You hit the scorpion but do no damage.
The scorpion is lightly wounded.
You feel sick. The scorpion barely misses you.
You hit the scorpion.
The scorpion is lightly wounded.
You feel sick.
You are no longer poisoned.
The scorpion misses you.
You hit the scorpion but do no damage.
You kick the scorpion, but do no damage.
The scorpion is lightly wounded.
The scorpion stings you.
You hit the scorpion but do no damage. You kick the scorpion.
You headbutt the scorpion.
The scorpion is heavily wounded.
The scorpion stings you.
* * * LOW HITPOINT WARNING * * *
You hit the scorpion. You kick the scorpion.
The scorpion is severely wounded.
The scorpion barely misses you.
You hit the scorpion.
You headbutt the scorpion, but do no damage.
The scorpion is almost dead.
The scorpion stings you!
You die...

........#......#.#
........####...#.# .#
##....#..........#...#
.........†...........
.......<..###.####...
.....##.#.###..# .#.
...
...#......###.#+#+# .
...###...............
..... #.......@....$..
.#..
...#####..s....... #..
... +.......... #. .
#.........#
#.........+
...........#
#...........+
.............#
...............


You could see a scorpion.

Vanquished Creatures
  2 adders (D:2)
  A worm (D:2)
  A dart slug (D:2)
  4 ball pythons
  6 bats
  4 endoplasms (D:1)
  A giant cockroach (D:1)
  4 goblins
  3 hobgoblins
  A quokka (D:2)
  2 frilled lizards (D:1)
  2 kobolds (D:2)
  5 rats
  A spectral goblin (D:1)
37 creatures vanquished.

Notes
Turn   | Place    | Note
-------+----------+-------------------------------------------
     0 | D:1      | ytrimaz the Demonspawn Monk began the quest for the Orb.
     0 | D:1      | Reached XP level 1. HP: 18/18 MP: 1/1
    73 | D:1      | Found Pusobb Kece's General Store.
   185 | D:1      | Discovered your monstrous ancestry.
   185 | D:1      | Gained mutation: You have large cloven feet. [demonic
                  | ancestry]
   185 | D:1      | Reached XP level 2. HP: 21/24 MP: 2/2
   487 | D:1      | Found a faded altar of an unknown god.
   797 | D:2      | Found a basalt altar of Yredelemnul.
   996 | D:2      | Reached skill level 1 in Armour
  1124 | D:2      | Gained mutation: You have a pair of small horns on your
                  | head. [demonic ancestry]
  1124 | D:2      | Reached XP level 3. HP: 29/29 MP: 3/3
  1624 | D:3      | Noticed a scorpion
  1629 | D:3      | Gained mutation: You have hoof-like feet. [potion of
                  | mutation]
  1629 | D:3      | Gained mutation: You have hidden genetic potential. [potion
                  | of mutation]
  1640 | D:3      | Slain by a scorpion

Illustrated notes

Levels and vault maps discovered:
D:1:      giann_forest_graveyard, layout_basic,
          dreamdust_ecumenical_altar_drowned_temple, serial_shops, shop
D:2:      layout_basic, basic_altar
D:3:      layout_basic, fiery_altar_vehumet

Skill      XL: |  1  2 |
---------------+-------+-----
Polearms       | 3 |  3.6
Armour         | 1 |  1.2
Fighting       | |  3.5
Dodging        | |  2.6
Stealth        | |  1.7

Action                   || total
-------------------------++-------
Melee: Spear             ||   122
       Kick              ||    23
       Headbutt          ||     6
  Use: Scroll            ||     2
       Potion            ||     3
 Stab: Sleeping          ||     7
Armor: Robe              ||    22
Dodge: Dodged            ||    43

Table legend: (Time is in decaauts)
 A = Elapsed time spent in this place.
 B = Non-inter-level travel time spent in this place.
 C = Inter-level travel time spent in this place.
 D = Time resting spent in this place.
 E = Time spent auto-exploring this place.
 F = Levels seen in this place.
 G = Mean time per level.
                   A        B        C        D        E       F      G
               +--------+--------+--------+--------+--------+-----+--------+
         Total |   1640 |   1581 |     59 |      0 |   1302 |   3 |  546.7 |
       Dungeon |   1640 |   1581 |     59 |      0 |   1302 |   3 |  546.7 |
               +--------+--------+--------+--------+--------+-----+--------+

Top non-repeatable levels by time:
     D:2: 861 daAuts
     D:1: 745 daAuts
     D:3: 33 daAuts
